 Dungeon Crawl Stone Soup version 0.25.1-2-g60ff931df9 (webtiles) character file.

Game seed: 16688657480579576142

758 Peloso the Covered (level 7, -2/61 HPs)
             Began as a Minotaur Fighter on Aug 19, 2020.
             Was a Follower of Okawaru.
             Killed by nerve-wracking pain
             ... invoked by an orc priest
              (7 damage)
             ... on level 6 of the Dungeon.
             The game lasted 00:07:27 (4626 turns).

Peloso the Covered (Minotaur Fighter)               Turns: 4626, Time: 00:07:27

Health: -2/61      AC:  8    Str: 21    XL:     7   Next: 50%
Magic:  5/6        EV:  9    Int:  5    God:    Okawaru [*.....]
Gold:   226        SH: 10    Dex: 11    Spells: 6/6 levels left

rFire    . . .     SeeInvis .   a - +0 long sword
rCold    . . .     Gourm    .   c - +0 kite shield
rNeg     . . .     Faith    .   b - +0 scale mail
rPois    .         Spirit   .   (helmet restricted)
rElec    .         Reflect  .   (no cloak)
rCorr    .         Harm     .   k - +0 pair of gloves
MR       .....                  (no boots)
Stlth    ..........             l - amulet of the acrobat
HPRegen  0.20/turn              (no ring)
MPRegen  0.10/turn              (no ring)

@: studying Staves
A: retaliatory headbutt, horns 2
a: Heroism, Renounce Religion


You were on level 6 of the Dungeon.
You worshipped Okawaru.
Okawaru was aware of your devotion.
You were hungry.

You visited 2 branches of the dungeon, and saw 7 of its levels.

You collected 226 gold pieces.

Inventory:

Hand Weapons
 a - a +0 long sword (weapon)
Armour
 b - a +0 scale mail (worn)
 c - a +0 kite shield (worn)
 k - a +0 pair of gloves (worn)
Jewellery
 l - an amulet of the acrobat (around neck)
Scrolls
 e - 2 scrolls of identify
 g - a scroll of remove curse {unknown}
 h - 3 scrolls of teleportation {unknown}
 i - a scroll of amnesia {unknown}
 j - 2 scrolls of enchant weapon {unknown}
 n - a scroll of fog
 o - a scroll of magic mapping {unknown}
 u - a scroll of enchant armour {unknown}
Potions
 d - 2 potions of might
 m - 3 potions of stabbing
 p - a potion of heal wounds
 r - a potion of haste
 s - a potion of flight
 t - a potion of curing {unknown}
Books
 q - a manual of Staves
Comestibles
 f - 11 rations


   Skills:
 + Level 5.3 Fighting
 + Level 5.9 Long Blades
 + Level 6.0 Armour
 + Level 2.8 Dodging
 + Level 1.0 Stealth
 + Level 5.4 Shields


You had 6 spell levels left.
You didn't know any spells.
Your spell library was empty.

Dungeon Overview and Level Annotations

Branches:
Dungeon (6/15)             Temple (1/1) D:5

Altars:
Ashenzari
Cheibriados
Fedhas
Gozag
Kikubaaqudgha
Makhleb
Nemelex Xobeh
Okawaru
Qazlal
Ru
Sif Muna
Trog
Uskayaw
Vehumet
Wu Jian
Xom
Yredelemnul
The Shining One


Innate Abilities, Weirdness & Mutations

You reflexively headbutt those who attack you in melee.
You have a pair of horns on your head.


Message History

Something hits you. Something shocks you.
* * * LOW HITPOINT WARNING * * *
You miss something. Your headbutt misses something.
You block something's attack.
You miss something. You headbutt something. Something hits you.
* * * LOW HITPOINT WARNING * * *
Something shocks you.
* * * LOW HITPOINT WARNING * * *
You slash something! Your headbutt misses something.
Something hits you but does no damage.
You closely miss something. Something hits you but does no damage.
You barely miss something. Something hits you.
* * * LOW HITPOINT WARNING * * *
Something shocks you.
* * * LOW HITPOINT WARNING * * *
You miss something. Your headbutt misses something.
Something hits you but does no damage.
The orc priest mumbles some strange prayers to Beogh against you.
Pain shoots through your body!
You die...

##. #....## ####..#
#...### ......####..#
#......###.(# ##
#..#........### #.
#..##.....#...Y #.
#..###..####..#
##.###...##.## ##..#
#..@##......####....
#.###...o.###..##.....
#....)..## #..#...###
#..#<...# ##.....#
#..###)..# #.....# ##.
##..# #......# # #..#
..###...# ##.# #..#
##... #.. ..## #..


You could see an orc priest.

Vanquished Creatures
  An ogre (D:6)
  2 bullfrogs (D:6)
  A scorpion (D:4)
  A crimson imp (D:5)
  A jelly (D:5)
  A bullfrog skeleton (D:5)
  2 orc priests
  2 orc wizards (D:5)
  Natasha (thrice) (D:4)
  A worker ant (D:4)
  A hound skeleton (D:4)
  7 adders
  A shadow imp (D:5)
  3 oozes
  An adder skeleton (D:5)
  A worm (D:3)
  3 dart slugs
  4 leopard geckos
  8 orcs
  3 ball pythons
  A giant cockroach (D:3)
  7 goblins
  9 hobgoblins
  5 jackals
  6 kobolds
  A quokka (D:2)
  A ball python zombie (D:2)
  7 bats
  5 frilled lizards
  A quokka skeleton (D:5)
  3 rats
93 creatures vanquished.

Notes
Turn   | Place    | Note
-------+----------+-------------------------------------------
     0 | D:1      | Peloso the Minotaur Fighter began the quest for the Orb.
     0 | D:1      | Reached XP level 1. HP: 19/19 MP: 0/0
   125 | D:1      | Reached XP level 2. HP: 26/27 MP: 1/1
   216 | D:1      | Reached skill level 4 in Armour
   643 | D:2      | Reached XP level 3. HP: 32/33 MP: 2/2
   644 | D:2      | Reached skill level 1 in Dodging
   729 | D:2      | Reached XP level 4. HP: 37/40 MP: 3/3
  2105 | D:4      | Reached XP level 5. HP: 46/46 MP: 4/4
  2403 | D:4      | Noticed Natasha
  2419 | D:4      | Killed Natasha
  2425 | D:4      | Reached skill level 5 in Armour
  2425 | D:4      | Reached XP level 6. HP: 29/53 MP: 5/5
  2484 | D:4      | Noticed Natasha
  2489 | D:4      | Killed Natasha
  2644 | D:4      | Noticed Natasha
  2663 | D:4      | Killed Natasha
  3003 | D:5      | Entered Level 5 of the Dungeon
  3219 | D:5      | Noticed a +0 dagger
  3220 | D:5      | Noticed a +0 hand axe
  3222 | D:5      | Found a hide-covered altar of Uskayaw.
  3294 | D:5      | Reached skill level 5 in Long Blades
  3516 | D:5      | Found a staircase to the Ecumenical Temple.
  3569 | Temple   | Entered the Ecumenical Temple
  3693 | Temple   | Became a worshipper of Warmaster Okawaru
  3957 | D:5      | Reached skill level 5 in Fighting
  4134 | D:6      | Reached skill level 5 in Shields
  4134 | D:6      | Reached XP level 7. HP: 58/61 MP: 6/6
  4481 | D:5      | Reached * piety under Okawaru
  4616 | D:6      | Reached skill level 6 in Armour
  4616 | D:6      | Reached skill level 1 in Stealth
  4626 | D:6      | Killed from afar by an orc priest

Illustrated notes

Levels and vault maps discovered:
D:1:      dpeg_chamrin_arrival_tetris, layout_basic, dk_noncrumbling_3
D:2:      layout_rooms, first_ration, hangedman_decor_clover_reticule
D:3:      layout_loops_corners, guppyfry_early_orc_mine
D:4:      layout_rooms, minmay_manual_mess, uniq_natasha
D:5:      layout_basic, dancing_weapons_uskayaw, minmay_temple_entry_overgrown
D:6:      layout_layer_cave
Temple:   minmay_crystal_snake_temple

Skill      XL: |  1  2  3  4  5  6  7 |
---------------+----------------------+-----
Shields        | 4 5 |  5.4
Armour         | 4 5 6 |  6.0
Dodging        | 1 2 |  2.8
Long Blades    | 3 4 5 |  5.9
Fighting       | 4 5 |  5.3
Stealth        | 1 |  1.0

Action                   |  1- 3 |  4- 6 |  7- 9 || total
-------------------------+-------+-------+-------++-------
Melee: Long sword        |    57 |   157 |    41 ||   255
       Headbutt          |    13 |    28 |    12 ||    53
Invok: Heroism           |       |       |     1 ||     1
  Use: Potion            |     4 |     1 |       ||     5
       Scroll            |       |     4 |       ||     4
  Eat: Chunk             |       |     7 |     1 ||     8
       Ration            |       |     1 |       ||     1
Armor: Scale mail        |    37 |    47 |    27 ||   111
Dodge: Dodged            |    26 |    61 |    31 ||   118
Block: Kite shield       |    34 |    74 |    25 ||   133
       Rpst.: Long sword |     6 |    15 |     6 ||    27
